 Dungeon Crawl Stone Soup version 0.26-a0-663-g36e8fdb655 (webtiles) character file.

Game seed: 1949769035741466692

1092 Peloso the Covered (level 8, -5/103 HPs)
             Began as a Minotaur Fighter on Oct 10, 2020.
             Killed by divine providence
             ... invoked by an orc priest
              (10 damage)
             ... on level 6 of the Dungeon.
             The game lasted 00:10:46 (4119 turns).

Peloso the Covered (Minotaur Fighter)               Turns: 4119, Time: 00:10:46

Health: -5/103     AC: 24    Str: 21    XL:     8   Next: 9%
Magic:  7/7        EV:  2    Int:  5    God:
Gold:   276        SH: 10    Dex: 10    Spells: 7/7 levels left

rFire    . . .     SeeInvis +   a - +1 long sword
rCold    . . .     Faith    .   c - +0 kite shield
rNeg     + + +     Spirit   .   (armour currently unavailable)
rPois    +         Reflect  .   (helmet currently unavailable)
rElec    .         Harm     .   (cloak currently unavailable)
rCorr    +         Rampage  .   (gloves currently unavailable)
MR       +....     NoTele   +   (boots currently unavailable)
Stlth    +.........             d - amulet of the acrobat
HPRegen  0.27/turn              y - ring of resist corrosion
MPRegen  0.10/turn              f - ring of protection from magic

@: tree-form (expiring), acrobat
A: (retaliatory headbutt), see invisible, clumsy 1, evolution 1
a: no special abilities


You were on level 6 of the Dungeon.
You were a tree.
You visited 1 branch of the dungeon, and saw 6 of its levels.

You collected 276 gold pieces.

Inventory:

Hand Weapons
 a - a +1 long sword (weapon)
 b - a +4 dagger
Missiles
 B - 27 bolts
Armour
 c - a +0 kite shield (worn)
 g - a +0 chain mail (melded)
 o - a +0 pair of boots
Jewellery
 d - an amulet of the acrobat (around neck)
 f - a ring of protection from magic (right branch)
 h - an uncursed ring of stealth
 j - an uncursed ring of positive energy
 p - an uncursed amulet of faith {unknown}
 r - an uncursed ring of positive energy
 s - an uncursed ring of magical power
 u - an uncursed ring of fire
 y - a ring of resist corrosion (left branch)
Wands
 l - a wand of enslavement (26)
 w - a wand of digging (3)
Scrolls
 q - 2 scrolls of remove curse
 D - a scroll of amnesia
 E - a scroll of immolation
Potions
 e - a potion of ambrosia
 i - 4 potions of curing
 k - a potion of lignification
 m - a potion of brilliance {unknown}
 t - a potion of haste {unknown}
 v - 2 potions of heal wounds {unknown}
 z - a potion of flight {unknown}
 A - 2 potions of stabbing {unknown}


   Skills:
 + Level 5.6 Fighting
 + Level 3.7(4.6) Short Blades
 + Level 4.4(5.2) Long Blades
 + Level 7.3 Armour
 + Level 2.6 Dodging
 + Level 0.3 Stealth
 + Level 6.1 Shields


You had 7 spell levels left.
You didn't know any spells.
Your spell library was empty.

Dungeon Overview and Level Annotations

Branches:
Dungeon (6/15)             Temple (0/1) D:6

Altars:
Ashenzari
Cheibriados
Fedhas
Gozag
Nemelex Xobeh
Qazlal
Ru
Sif Muna

Annotations:
D:4 3 runed translucent doors, Tman's ghost, weakling TrDe


Innate Abilities, Weirdness & Mutations

((You reflexively headbutt those who attack you in melee.))
((You have a pair of horns on your head.))
You have supernaturally acute eyesight. (SInv)
You are clumsy. (Dex -2)
You evolve.


Message History

You block the orc wizard's attack. The orc wizard barely misses you.
You hit the orc wizard.
The orc wizard is lightly wounded.
Your transformation is almost over.
The orc wizard gestures at you while chanting.
The puff of flame hits you!
* * * LOW HITPOINT WARNING * * *
The orc wizard hits you but does no damage.
You hit the orc wizard.
The orc wizard is moderately wounded.
The orc wizard gestures at you while chanting.
The puff of frost hits you but does no damage.
You block the orc wizard's attack.
The orc wizard points at you and mumbles some strange words.
The puff of flame misses the orc wizard.
The puff of flame hits you but does no damage.
You block the orc wizard's attack.
The orc priest invokes the aid of Beogh against you.
Beogh smites you!
You die...

#.).###...
##..###.#
#########.#...###.
#......(.....<....
#.######....#....
#.# #..#.#.### #.#
#..#)#.# #.#
#..#.#[# #♣#
#..#.#.#
#o######......####
#oo..{oo.##.......
#######..##..###.#
#..##..# #
#..##..#
#.{##..#>#
#..o.....#
#...........


You could see an orc priest and 2 orc wizards.

Vanquished Creatures
  Sigmund (D:2)
  An orc warrior (D:6)
  A phantom (D:5)
  3 ogres
  A scorpion (D:6)
  3 hounds
  A jelly (D:5)
  Ijyb (D:3)
  A bullfrog skeleton (D:4)
  An orc wizard (D:4)
  3 worker ants (D:4)
  A mummy (D:5)
  A worker ant zombie (D:5)
  6 adders
  An ufetubus (D:6)
  2 oozes
  3 adder skeletons
  3 worms (D:2)
  A leopard gecko (D:4)
  9 orcs
  A ball python (D:3)
  5 bats
  A giant cockroach (D:6)
  7 goblins
  6 hobgoblins
  4 kobolds
  3 quokkas
  2 frilled lizards
  A leopard gecko skeleton (D:4)
  A quokka skeleton (D:4)
  4 rats
79 creatures vanquished.

Vanquished Creatures (others)
  2 plants (D:6)
2 creatures vanquished.

Grand Total: 81 creatures vanquished

Notes
Turn   | Place    | Note
-------+----------+-------------------------------------------
     0 | D:1      | Peloso the Minotaur Fighter began the quest for the Orb.
     0 | D:1      | Reached XP level 1. HP: 19/19 MP: 0/0
   197 | D:1      | Reached skill level 4 in Armour
   333 | D:1      | Reached XP level 2. HP: 27/27 MP: 1/1
   546 | D:2      | Noticed Sigmund
   646 | D:2      | Killed Sigmund
   646 | D:2      | Reached skill level 5 in Armour
   646 | D:2      | Reached XP level 3. HP: 21/34 MP: 2/2
   646 | D:2      | Reached XP level 4. HP: 25/41 MP: 3/3
   646 | D:2      | Reached XP level 5. HP: 29/47 MP: 4/4
  1330 | D:3      | Found a blossoming altar of Fedhas.
  1398 | D:3      | Found a stormy altar of Qazlal.
  1416 | D:3      | Found a broken altar of Ashenzari.
  1802 | D:3      | Noticed Ijyb
  1818 | D:3      | Killed Ijyb
  1818 | D:3      | Reached skill level 1 in Dodging
  1818 | D:3      | Reached XP level 6. HP: 53/53 MP: 5/5
  2052 | D:4      | Reached skill level 6 in Armour
  2137 | D:4      | Reached skill level 1 in Short Blades
  2146 | D:4      | Reached skill level 5 in Shields
  2592 | D:4      | Found a runed translucent gate.
  2592 | D:4      | Found a runed translucent gate.
  2594 | D:4      | Found an opulent altar of Gozag.
  2594 | D:4      | Found a runed translucent gate.
  2596 | D:4      | Noticed a manticore
  2597 | D:4      | Noticed Tman's ghost (weakling TrDe)
  2658 | D:4      | Reached XP level 7. HP: 60/60 MP: 6/6
  2773 | D:4      | Found a sacrificial altar of Ru.
  2883 | D:5      | Entered Level 5 of the Dungeon
  3020 | D:5      | Found a snail-covered altar of Cheibriados.
  3030 | D:5      | Reached skill level 5 in Fighting
  3128 | D:5      | Found a sparkling altar of Nemelex Xobeh.
  3509 | D:5      | Reached skill level 7 in Armour
  3838 | D:6      | Found a staircase to the Ecumenical Temple.
  3975 | D:6      | Found a shimmering blue altar of Sif Muna.
  4044 | D:6      | Reached XP level 8. HP: 56/69 MP: 7/7
  4097 | D:6      | Gained mutation: You evolve. [potion of mutation]
  4097 | D:6      | Gained mutation: You are agile. (Dex +2) [potion of
                  | mutation]
  4098 | D:6      | Lost mutation: You are agile. (Dex +2) [potion of mutation]
  4098 | D:6      | Lost mutation: You evolve. [potion of mutation]
  4098 | D:6      | Gained mutation: You have supernaturally acute eyesight.
                  | (SInv) [potion of mutation]
  4098 | D:6      | Gained mutation: You are clumsy. (Dex -2) [potion of
                  | mutation]
  4098 | D:6      | Gained mutation: You evolve. [potion of mutation]
  4117 | D:6      | HP: 4/103 [orc wizard/puff of flame (12)]
  4119 | D:6      | Killed from afar by an orc priest

Illustrated notes

Levels and vault maps discovered:
D:1:      minmay_arrival_three_doors, layout_basic
D:2:      layout_rooms, minmay_goblin_outpost, uniq_sigmund
D:3:      layout_rooms, grunt_temple_overflow_forces_of_nature,
          ashenzari_conservatory_becter, serial_bayou, serial_bayou_ford_a,
          serial_bayou_shore_a, serial_bayou_pond_c, serial_bayou_crossing,
          uniq_ijyb
D:4:      layout_loops_ring, nicolae_overflow_hidden_temple, ebering_ghost_gozag
D:5:      cheibrodos_helix_gallery, layout_basic, slow_altar_1,
          nemelex_xobeh_ov_fountains_minmay
D:6:      layout_loops_ring, lemuel_blue_sif_altar,
          minmay_temple_entry_enclosed_plants, gup_sewer_entry_spiral,
          ebering_ghost_sewer_d, serial_bayou_pond_c

Skill      XL: |  1  2  3  4  5  6  7  8 |
---------------+-------------------------+-----
Armour         | 4 5 6 7 |  7.3
Long Blades    | 3 4 |  4.4
Fighting       | 4 5 |  5.6
Shields        | 4 5 6 |  6.1
Dodging        | 1 2 |  2.6
Short Blades   | 2 3 |  3.7
Stealth        | |  0.3

Action                   |  1- 3 |  4- 6 |  7- 9 || total
-------------------------+-------+-------+-------++-------
Melee: Long sword        |    18 |    18 |    55 ||    91
       Headbutt          |     2 |    31 |    26 ||    59
       Dagger            |       |   124 |    67 ||   191
  Use: Scroll            |     3 |     4 |     4 ||    11
       Potion            |     1 |       |     4 ||     5
Armor: Scale mail        |     7 |       |       ||     7
       Chain mail        |       |    47 |    23 ||    70
       Skin              |       |       |    15 ||    15
Dodge: Dodged            |     9 |    36 |    28 ||    73
Block: Kite shield       |     6 |    74 |    43 ||   123
       Rpst.: Long sword |     2 |     5 |     3 ||    10

Table legend: (Time is in decaauts)
 A = Elapsed time spent in this place.
 B = Non-inter-level travel time spent in this place.
 C = Inter-level travel time spent in this place.
 D = Time resting spent in this place.
 E = Time spent auto-exploring this place.
 F = Levels seen in this place.
 G = Mean time per level.
                   A        B        C        D        E       F      G
               +--------+--------+--------+--------+--------+-----+--------+
         Total |   4159 |   4017 |    142 |     85 |   2884 |   6 |  693.2 |
       Dungeon |   4159 |   4017 |    142 |     85 |   2884 |   6 |  693.2 |
               +--------+--------+--------+--------+--------+-----+--------+

Top non-repeatable levels by time:
     D:5: 877 daAuts
     D:4: 856 daAuts
     D:3: 743 daAuts
     D:2: 692 daAuts
     D:1: 616 daAuts
     D:6: 372 daAuts
